 Dungeon Crawl Stone Soup version 0.31-a0-1002-g8e65716e6e (webtiles) character file.

Game seed: 14814184374944402929

424 Queen the Grave Robber (level 6, -1/41 HPs)
             Began as a Demonspawn Necromancer on Nov 10, 2023.
             Slain by an ogre
             ... wielding a +0 giant spiked club
              (20 damage)
             ... on level 4 of the Dungeon.
             The game lasted 00:16:33 (3258 turns).

Queen the Grave Robber (Demonspawn Necromancer)     Turns: 3258, Time: 00:16:34

Health: -1/41      AC:  6    Str:  8    XL:     6   Next: 64%
Magic:  8/11       EV: 13    Int: 18    God:
Gold:   147        SH:  0    Dex: 14    Spells: 1/12 levels left

rFire   . . .        e - +0 hand axe
rCold   . . .        (no shield)
rNeg    . . .        a - +0 robe
rPois   .            n - +0 helmet
rElec   .            i - +0 cloak
rCorr   .            (no gloves)
SInv    .            (no boots)
Will    .....        (no amulet)
Stlth   ++           (no ring)
HPRegen 0.26/turn    (no ring)
MPRegen 0.12/turn

%: no passive effects
@: very slightly contaminated
A: yellow scales 1, demonic touch 2
a: no special abilities


You were on level 4 of the Dungeon.
You visited 1 branch of the dungeon, and saw 4 of its levels.

You collected 147 gold pieces.

Inventory:

Hand Weapons
 e - a +0 hand axe (weapon)
Missiles
 f - 23 stones
 m - 5 boomerangs
 p - 3 poisoned darts
Armour
 a - a +0 robe (worn)
 i - a +0 cloak (worn)
 n - a +0 helmet (worn)
Jewellery
 q - a ring of poison resistance
 t - an amulet of reflection
Talismans
 d - a flux talisman
Wands
 l - a wand of polymorph (5)
Scrolls
 h - a scroll of butterflies {unknown}
 j - a scroll of noise {unknown}
 r - a scroll of brand weapon {unknown}
 u - 2 scrolls of identify {unknown}
Potions
 b - 2 potions of magic
 c - 2 potions of curing {unknown}
 g - a potion of ambrosia {unknown}
 k - a potion of berserk rage {unknown}
 o - a potion of resistance {unknown}
 s - a potion of haste {unknown}
 v - 2 potions of enlightenment {unknown}


   Skills:
 + Level 3.4 Dodging
 + Level 3.7 Stealth
 + Level 3.5 Spellcasting
 + Level 1.2 Summonings
 + Level 5.7 Necromancy


You had one spell level left.
You knew the following spells:

 Your Spells              Type           Power      Damage    Failure   Level
a - Necrotise             Necr           96%        1d8       1%          1
b - Vampiric Draining     Necr           24%        2d7       4%          3
c - Call Canine Familiar  Summ           7%         N/A       28%         3
d - Animate Dead          Necr           24%        N/A       14%         4

Your spell library contained the following spells:

 Spells                   Type           Power      Damage    Failure   Level
 Agony                    Necr           24%        N/A       36%         5
 Sigil of Binding         Hex            3%         N/A       43%         3
 Borgnjor's Vile Clutch   Necr/Erth      6%         N/A       78%         5
 Dimensional Bullseye     Hex/Tloc       1%         N/A       83%         4
 Leda's Liquefaction      Hex/Erth       1%         N/A       83%         4
 Death Channel            Necr           12%        N/A       91%         6


Dungeon Overview and Level Annotations

Branches:
Dungeon (4/15)             Temple (0/1) D:4

Altars:


Innate Abilities, Weirdness & Mutations

You are partially covered in yellow scales. (AC +2)
Your touch may inflict irresistible damage on your foes.


Message History

Press: ? - help, Q - select action, (/) - cycle Shift-Dir - straight line, f/p - worm
Aim: a worm (severely wounded, chance to affect: 87%)
The worm writhes in agony.
Aiming: Necrotise (safe; 1% risk of failure)
Press: ? - help, Q - select action, (/) - cycle Shift-Dir - straight line, f/p - worm
Aim: a worm (almost dead, chance to affect: 87%)
The worm writhes in agony.
You kill the worm!
You see here a worm corpse.
There is a shaft here.
There is a shaft here.
c - 2 inky potions (gained 1)
There is a stone staircase leading down here.
There is a stone staircase leading up here.
Partly explored, can't reach some places.
Partly explored, can't reach some places.
Partly explored, can't reach some places.
Search for what [Enter for "."]? .
Press: ? - help, . - travel You can't see that place. [the floor.] Reduced exclusion size to a single square.
Removed exclusion.
The ogre shouts!
Casting: Necrotise (safe; 1% risk of failure)
Confirm with . or Enter, or press ? or * to list all spells.
You miscast Call Canine Familiar.
You are very lightly contaminated with residual magic.
A fistful of eyes flickers past your view.
A nameless horror comes into view.
Removed exclusion.
Press: ? - help, v - describe, . - travel
Here: a nameless horror (durably summoned)
The floor.
Found a staircase to the Ecumenical Temple.
The ogre hits you with a +0 giant spiked club!!
Ouch! That really hurt!
The ogre attacks as it pursues you!
The ogre hits you with a +0 giant spiked club!!
You die...

# # ## .####
....#################
.##.................#
.###.#..#..#..#..#..#
.# #.#.......X..O...#
.# #............@..>#
.# #.#..............#
## #.#..#..#..#..#..#
#................#
##################


You could see a nameless horror and an ogre.

Vanquished Creatures
  Sigmund (D:2)
  2 jellies
  A sleepcap (D:4)
  An iguana (D:4)
  An orc wizard (D:4)
  3 gnolls (D:3)
  3 adders (D:3)
  4 worms
  A dart slug (D:3)
  2 orcs (D:4)
  6 endoplasms
  A giant cockroach (D:3)
  4 goblins
  4 hobgoblins
  5 jackals
  A quokka (D:2)
  10 ball pythons
  2 bats
  3 frilled lizards
  5 kobolds
  4 rats
64 creatures vanquished.

Vanquished Creatures (collateral kills)
  A bat (D:1)
  An endoplasm (D:2)
  A kobold (D:1)
3 creatures vanquished.

Grand Total: 67 creatures vanquished

Notes
Turn   | Place    | Note
-------+----------+-------------------------------------------
     0 | D:1      | Queen the Demonspawn Necromancer began the quest for the
                  | Orb.
     0 | D:1      | Reached XP level 1. HP: 13/13 MP: 3/3
   126 | D:1      | Gained mutation: You are partially covered in yellow
                  | scales. (AC +2) [demonic ancestry]
   126 | D:1      | Reached XP level 2. HP: 14/19 MP: 0/5
   373 | D:1      | You fall into a shaft and drop 1 floor!
   850 | D:2      | Noticed Sigmund
   897 | D:2      | Gained mutation: Your touch may inflict minor irresistible
                  | damage on your foes. [demonic ancestry]
   897 | D:2      | Reached XP level 3. HP: 24/24 MP: 0/6
  1303 | D:2      | Killed Sigmund
  1304 | D:2      | Reached skill level 5 in Necromancy
  1304 | D:2      | Gained mutation: Your touch may inflict irresistible damage
                  | on your foes. [demonic ancestry]
  1304 | D:2      | Reached XP level 4. HP: 30/30 MP: 5/8
  1304 | D:2      | Reached XP level 5. HP: 35/35 MP: 5/9
  1330 | D:2      | Learned a level 3 spell: Vampiric Draining
  1885 | D:3      | Reached XP level 6. HP: 41/41 MP: 5/11
  2725 | D:4      | Reached skill level 1 in Summonings
  2729 | D:4      | Learned a level 3 spell: Call Canine Familiar
  2734 | D:4      | Learned a level 4 spell: Animate Dead
  3253 | D:4      | Noticed a nameless horror
  3254 | D:4      | Found a staircase to the Ecumenical Temple.
  3258 | D:4      | Slain by an ogre

Illustrated notes

Levels and vault maps discovered:
D:1:      dpeg_arrival_arbitrary_b, layout_basic
D:2:      layout_loops_cross, uniq_sigmund
D:3:      layout_rooms, feat_on_display
D:4:      layout_loops_cross, temple_hall, nicolae_wormholes

Skill      XL: |  1  2  3  4  5  6 |
---------------+-------------------+-----
Stealth        | 2 3 |  3.7
Dodging        | 2 3 |  3.4
Spellcasting   | 3 |  3.5
Necromancy     | 5 |  5.7
Summonings     | 1 |  1.2

Action                     |  1- 3 |  4- 6 || total
---------------------------+-------+-------++-------
  Melee: Unarmed           |    13 |       ||    13
         Hand axe          |     8 |     2 ||    10
         Touch             |     1 |       ||     1
         Punch             |       |     1 ||     1
   Cast: Necrotise         |    58 |    78 ||   136
         Vampiric Draining |       |     9 ||     9
   Stab: Sleeping          |     1 |       ||     1
 Armour: Robe              |    19 |    10 ||    29
         Skin              |     1 |       ||     1
  Dodge: Dodged            |    23 |    11 ||    34

Table legend: (Time is in decaauts)
 A = Elapsed time spent in this place.
 B = Non-inter-level travel time spent in this place.
 C = Inter-level travel time spent in this place.
 D = Time resting spent in this place.
 E = Time spent auto-exploring this place.
 F = Levels seen in this place.
 G = Mean time per level.
                   A        B        C        D        E       F      G
               +--------+--------+--------+--------+--------+-----+--------+
         Total |   3250 |   3130 |    120 |    621 |   1791 |   4 |  812.5 |
       Dungeon |   3250 |   3130 |    120 |    621 |   1791 |   4 |  812.5 |
               +--------+--------+--------+--------+--------+-----+--------+

Top non-repeatable levels by time:
     D:4: 1104 daAuts
     D:2: 943 daAuts
     D:1: 658 daAuts
     D:3: 544 daAuts
